 Dungeon Crawl Stone Soup version 0.30.1 (webtiles) character file.

Game seed: 13497630407582876086

448 MikeMinsk the Magician (level 7, -1/50 HPs)
             Began as a Djinni Fire Elementalist on July 5, 2023.
             Slain by a kobold brigand
             ... wielding a +0 club
              (8 damage)
             ... on level 7 of the Dungeon.
             The game lasted 00:20:16 (3229 turns).

MikeMinsk the Magician (Djinni Fire Elementalist)   Turns: 3229, Time: 00:20:17

Health: -1/50      AC:  4    Str:  7    XL:     7   Next: 24%
Gold:   215        EV: 13    Int: 19    God:
                   SH:  0    Dex: 13

rFire   + + .        h - +1 mace (chaos)
rCold   x . .        (no shield)
rNeg    . . .        a - +0 robe
rPois   ∞            e - +0 helmet
rElec   .            c - scarf {repulsion}
rCorr   .            m - +0 pair of gloves
SInv    .            (boots unavailable)
Will    .....        (no amulet)
Stlth   ++           (no ring)
HPRegen 0.28/turn    (no ring)
MPRegen 0.00/turn

%: repel missiles, infuse magic (-2 HP)
@: wereblooded, flying
A: sickness immunity, fire resistance 2, cold vulnerability 1, float, innate
caster, HP casting, extra vitality 1
a: no special abilities


You were on level 7 of the Dungeon.
You visited 1 branch of the dungeon, and saw 5 of its levels.

You collected 215 gold pieces.

Inventory:

Hand Weapons
 h - a +1 mace of chaos (weapon)
Armour
 a - a +0 robe (worn)
 c - a scarf of repulsion (worn)
 e - a +0 helmet (worn)
 m - a +0 pair of gloves (worn)
Scrolls
 f - a scroll of teleportation
 i - a scroll of brand weapon
 l - 2 scrolls of enchant weapon
 o - a scroll of vulnerability {unknown}
Potions
 b - 4 potions of curing
 d - a potion of haste
 g - a potion of heal wounds
 k - a potion of lignification
 n - a potion of brilliance


   Skills:
 + Level 3.2 Fighting
 + Level 4.3 Dodging
 - Level 1.5 Stealth
 * Level 4.5 Spellcasting


You knew the following spells:

 Your Spells              Type           Power      Damage    Failure   Level
a - Foxfire               Conj/Fire      84%        2x1d8     1%          1
b - Scorch                Fire           42%        2d7       3%          2
c - Volatile Blastmotes   Fire/Tloc      42%        2d13      6%          3
d - Inner Flame           Hex/Fire       21%        N/A       6%          3
e - Flame Wave            Conj/Fire      21%        2d8       21%         4
f - Summon Small Mammal   Summ           84%        N/A       1%          1
g - Wereblood             Tmut           21%        N/A       3%          2
h - Ignite Poison         Fire/Tmut/Pois 21%        N/A       6%          3
Your spell library was empty.

Dungeon Overview and Level Annotations

Branches:
Dungeon (4/15)
 Temple: D:4-7

Altars:
Elyvilon
Wu Jian

Shops:
D:3 *   D:4 [

Annotations:
D:4 3 runed translucent doors, dondy's ghost, novice HOMo


Innate Abilities, Weirdness & Mutations

You are immune to sickness and miasma.
You are immune to poison.
Your flesh is very heat resistant. (rF++)
You are vulnerable to cold. (rC-)
You float through the air rather than walking.
You learn spells naturally, not from books.
Your magical power is your life essence.
You have superior vitality. (+4 MHP)


Message History

The kobold hits you with a +0 short sword.
The kobold hits you with a +0 whip of flaming.
The bullfrog hits you.
You closely miss the bullfrog.
The bullfrog is heavily wounded.
The bullfrog hits you. The kobold closely misses you.
The kobold hits you with a +0 short sword.
The bullfrog hits you!
* * * LOW HITPOINT WARNING * * *
The kobold hits you with a +0 short sword.
* * * LOW HITPOINT WARNING * * *
The kobold hits you with a +0 whip of flaming.
* * * LOW HITPOINT WARNING * * *
The bullfrog hits you but does no damage.
The bullfrog attacks as you move away! The bullfrog hits you.
* * * LOW HITPOINT WARNING * * *
The kobold completely misses you. The bullfrog attacks as you move away!
The bullfrog barely misses you. The bullfrog closely misses you.
The bullfrog attacks as you move away! The bullfrog barely misses you.
Aiming: Throw Flame
Press: ? - help, Q - select action, (/) - cycle Shift-Dir - straight line, f - bullfrog
Aim: a bullfrog (heavily wounded, 60% to hit)
The puff of flame hits the bullfrog!
The bullfrog is almost dead.
The bullfrog closely misses you. The bullfrog barely misses you.
Aiming: Throw Flame
Press: ? - help, Q - select action, (/) - cycle Shift-Dir - straight line, f/p - bullfrog
Aim: a bullfrog (almost dead, 60% to hit)
The puff of flame hits the bullfrog!
You feel a bit better.
You kill the bullfrog!
The now-empty wand crumbles to dust.
The kobold attacks as you move away! The kobold misses you.
The kobold brigand hits you with a +0 club!
* * * LOW HITPOINT WARNING * * *
The kobold brigand attacks as you move away!
The kobold brigand closely misses you.
The kobold brigand attacks as you move away!
The kobold brigand hits you with a +0 club!
You die...

#.. #.## ##.###.# ##
##..###......
##.####....#......# #.
##........8.#/8....###...
#...........#!..#......#
#......)..###..#......#.
#####....#####..........
#.....@KKK...).......
#......K....####.....
##.##....##.# ...
###.....##.# . ##.......#
#........# ###........#
##......## ##....##


You could see a kobold brigand and 3 kobolds.

Vanquished Creatures
  An ogre (D:4)
  A bullfrog (D:7)
  A jelly (D:4)
  Jessica (D:2)
  2 iguanas (D:4)
  Ijyb (D:4)
  An orc wizard (D:4)
  Robin (D:2)
  3 adders
  A worm (D:2)
  4 dart slugs
  4 orcs
  10 endoplasms
  11 hobgoblins
  3 jackals (D:3)
  4 kobolds
  A quokka (D:1)
  5 ball pythons
  3 bats
  3 frilled lizards
  22 goblins
  4 rats
87 creatures vanquished.

Vanquished Creatures (others)
  117 foxfires
117 creatures vanquished.

Grand Total: 204 creatures vanquished

Notes
Turn   | Place    | Note
-------+----------+-------------------------------------------
     0 | D:1      | MikeMinsk the Djinni Fire Elementalist began the quest for
                  | the Orb.
     0 | D:1      | MikeMinsk set off with the following spells memorised:
                  | Foxfire, Scorch, Volatile Blastmotes, Inner Flame, Flame
                  | Wave.
     0 | D:1      | Reached XP level 1. HP: 15/15 MP: 0/0
    81 | D:1      | Reached XP level 2. HP: 20/22 MP: 0/0
   469 | D:1      | Reached skill level 1 in Fighting
   469 | D:1      | Reached XP level 3. HP: 25/27 MP: 0/0
   469 | D:1      | Learned a level 1 spell: Summon Small Mammal
   616 | D:2      | Noticed Jessica
   621 | D:2      | Killed Jessica
   693 | D:2      | Reached XP level 4. HP: 31/32 MP: 0/0
  1200 | D:2      | Noticed Robin
  1222 | D:2      | Killed Robin
  1504 | D:2      | Reached XP level 5. HP: 35/38 MP: 0/0
  1504 | D:2      | Learned a level 2 spell: Wereblood
  1824 | D:3      | Found Loxaam's Assorted Antiques.
  2320 | D:4      | Found Lexusmonug's Armour Shoppe.
  2359 | D:4      | Found a white marble altar of Elyvilon.
  2577 | D:4      | Found a runed translucent gate.
  2617 | D:4      | Found an ornate altar of the Wu Jian Council.
  2643 | D:4      | Reached XP level 6. HP: 45/45 MP: 0/0
  2693 | D:4      | Noticed an orc warrior
  2693 | D:4      | Identified the +2 short sword "Bingo" {freeze, rF+ Will+}
  2717 | D:4      | Found a runed translucent gate.
  2718 | D:4      | Found a runed translucent gate.
  2723 | D:4      | Noticed dondy's ghost (novice HOMo)
  2750 | D:4      | Noticed an ogre
  2756 | D:4      | Killed an ogre
  2829 | D:4      | Noticed Ijyb
  2852 | D:4      | Killed Ijyb
  3027 | D:4      | Reached XP level 7. HP: 26/50 MP: 0/0
  3027 | D:4      | Learned a level 3 spell: Ignite Poison
  3180 | D:4      | You are sucked into a shaft and drop 3 floors!
  3229 | D:7      | Slain by a kobold brigand

Illustrated notes

Levels and vault maps discovered:
D:1:      shiori_arrival_maze, layout_rooms, corexii_item_surrounded_by_moat
D:2:      layout_loops_ring, minmay_misc_feat_chi, uniq_robin, uniq_jessica
D:3:      layout_basic, serial_shops, nicolae_shop_back_alley_shop
D:4:      kennysheep_the_goblin_king, layout_gridville, elyvilon_altar_5,
          mainiacjoe_overflow_tiny_flanked, serial_shops, shop_statue,
          biasface_ghost_orc_armoury
D:7:      layout_cave_pools, kennysheep_little_box, mrwooster_statue_mirror,
          dilly_guarded_unrand_morg

Skill      XL: |  1  2  3  4  5  6 |
---------------+-------------------+-----
Fighting       | 1 2 3 |  3.2
Spellcasting   | 3 4 |  4.5
Dodging        | 3 4 |  4.3
Stealth        | |  1.5

Action                     |  1- 3 |  4- 6 |  7- 9 || total
---------------------------+-------+-------+-------++-------
  Melee: Mace              |       |   161 |    10 ||   171
         Punch             |       |     3 |       ||     3
   Cast: Foxfire           |    40 |    52 |       ||    92
         Wereblood         |       |    16 |     1 ||    17
         Scorch            |       |     4 |       ||     4
  Evoke: Wand              |       |     3 |     2 ||     5
    Use: Scroll            |     4 |     5 |       ||     9
         Potion            |       |     1 |       ||     1
   Stab: Sleeping          |       |     2 |       ||     2
 Armour: Robe              |     2 |    66 |     6 ||    74
  Dodge: Dodged            |     6 |   158 |    25 ||   189
         Repelled          |       |     5 |       ||     5
